 Dungeon Crawl Stone Soup version 0.27.1-33-g824d729ab1 (webtiles) character file.

Game seed: 11667905296108178819

1816 Holzbalken the Cleaver (level 8, -16/56 HPs)
             Began as a Demonspawn Gladiator on Dec 5, 2021.
             Was an Initiate of Qazlal.
             Killed from afar by a gargoyle (17 damage)
             ... with a stone arrow
             ... on level 7 of the Dungeon.
             The game lasted 00:19:02 (6966 turns).

Holzbalken the Cleaver (Demonspawn Gladiator)       Turns: 6966, Time: 00:19:03

Health: -16/56     AC: 15    Str: 15    XL:     8   Next: 85%
Magic:  20/20      EV: 10    Int: 11    God:    Qazlal [......]
Gold:   144        SH:  0    Dex: 15    Spells: 7/7 levels left

rFire    + . .     SeeInvis .   m - +2 whip (elec)
rCold    . . .     Faith    .   (no shield)
rNeg     . . .     Spirit   .   C - +2 scale mail {rF+}
rPois    .         Reflect  .   c - +0 helmet
rElec    .         Harm     .   (no cloak)
rCorr    .         Rampage  .   (no gloves)
Will     .....                  h - +2 pair of boots
Stlth    ..........             (no amulet)
HPRegen  0.18/turn              f - +4 ring of slaying
MPRegen  0.34/turn              k - ring of magical power

@: studying Summonings
A: slimy green scales 2, ignite blood 1, magic regeneration
a: Renounce Religion


You were on level 7 of the Dungeon.
You worshipped Qazlal.
Qazlal was noncommittal.
You visited 2 branches of the dungeon, and saw 8 of its levels.

You collected 352 gold pieces.
You spent 208 gold pieces at shops.

Inventory:

Hand Weapons
 a - a +0 war axe
 m - a +2 whip of electrocution (weapon)
Missiles
 d - 3 throwing nets (quivered)
Armour
 c - a +0 helmet (worn)
 h - a +2 pair of boots (worn)
 u - a +0 tower shield
 w - the +0 leather armour of the Armadillo {rC++}
   (You found it on level 5 of the Dungeon)

   rC:        It greatly protects you from cold.
 C - a +2 scale mail of fire resistance (worn)
Jewellery
 f - a +4 ring of slaying (left hand)
 k - a ring of magical power (right hand)
Wands
 q - a wand of flame (24)
Scrolls
 g - a scroll of noise
 i - 6 scrolls of identify
 j - a scroll of magic mapping
 s - a scroll of vulnerability
 x - a scroll of fear
 y - a scroll of fog
Potions
 l - a potion of resistance {unknown}
 n - a potion of might {unknown}
 o - 7 potions of curing
 p - a potion of brilliance {unknown}
 t - a potion of haste
 z - a potion of lignification {unknown}
 A - a potion of cancellation {unknown}


   Skills:
 - Level 2.0 Fighting
 * Level 9.2 Axes
 - Level 1.7 Throwing
 - Level 2.6 Dodging
 + Level 4.4 Shields
 + Level 4.9 Invocations


You had 7 spell levels left.
You didn't know any spells.
Your spell library contained the following spells:

 Spells                   Type           Power      Damage    Failure   Level
 Foxfire                  Conj/Fire      0%         2x1d4     83%         1
 Conjure Flame            Conj/Fire      0%         6-21      99%         3
 Inner Flame              Hex/Fire       0%         N/A       99%         3


Dungeon Overview and Level Annotations

Branches:
Dungeon (7/15)             Temple (1/1) D:5

Altars:
Ashenzari
Cheibriados
Fedhas
Gozag
Hepliaklqana
Kikubaaqudgha
Makhleb
Nemelex Xobeh
Okawaru
Qazlal
Ru
Sif Muna
Uskayaw
Wu Jian
Xom
Yredelemnul
Zin
The Shining One

Shops:
D:5 **[

Annotations:
D:7 2 transporters, Skiberibeda's ghost, novice GrEE


Innate Abilities, Weirdness & Mutations

You are mostly covered in slimy green scales. (AC +3)
Your demonic aura sometimes causes spilled blood to erupt in flames.
You regenerate magic rapidly.


Message History

You hit the gargoyle but do no damage.
The gargoyle is lightly damaged.
The gargoyle barely misses you.
You barely miss the gargoyle.
The gargoyle is lightly damaged.
The killer bee buzzes angrily.
You hear an angry buzzing noise.
The gargoyle barely misses you.
You hit the gargoyle.
The gargoyle is moderately damaged.
The gargoyle closely misses you.
You hit the gargoyle.
The gargoyle is moderately damaged.
You hit the gargoyle but do no damage.
The gargoyle is moderately damaged.
The gargoyle hits you with a +0 flail.
The killer bee buzzes angrily.
You hit the gargoyle but do no damage.
The gargoyle is moderately damaged.
The gargoyle hits you but does no damage.
You hit the gargoyle but do no damage.
The gargoyle is moderately damaged.
The gargoyle hurls a stone arrow at you.
The stone arrow hits you!
* * * LOW HITPOINT WARNING * * *
You hit the gargoyle.
The gargoyle is heavily damaged.
The gargoyle hits you with a +0 flail!
* * * LOW HITPOINT WARNING * * *
You hit the gargoyle but do no damage.
The gargoyle is heavily damaged.
You hit the gargoyle but do no damage.
The gargoyle is heavily damaged.
The gargoyle hurls a stone arrow at you.
The stone arrow hits you.
* * * LOW HITPOINT WARNING * * *
Your scale mail prevents you from hitting the gargoyle.
The gargoyle is heavily damaged.
The gargoyle hurls a stone arrow at you.
The stone arrow hits you!
You die...

#... #... .# ... .# ..
.##########
#'##......?...##
..........<...#
#..............#
##.######9.............#
#.......@.....$....^...#
#.#######..............#
#.##.......©.............
#.#..#############....###
#...#####yyyyy# ##..##
#..###y..#Wyy#y#
#..##..#..###y.#
#..###.yy#.. #.. ####
#...# ###.W# ### .....


You could see a hornet, a gargoyle, 7 killer bees and Skiberibeda's ghost.

Vanquished Creatures
  Sigmund (D:7)
  A water moccasin (D:6)
  A black bear (D:6)
  2 ice beasts
  4 centaurs
  A phantom (D:5)
  2 bullfrogs
  A scorpion (D:5)
  A howler monkey (D:7)
  A centaur zombie (D:7)
  2 hounds (D:5)
  A jelly (D:4)
  A bullfrog skeleton (D:5)
  A gnoll shaman (D:7)
  2 orc priests (D:7)
  2 iguanas (D:5)
  Natasha (thrice) (D:2)
  An orc wizard (D:7)
  8 gnolls
  8 adders
  A howler monkey skeleton (D:6)
  A white imp (D:6)
  3 worms
  4 dart slugs
  13 orcs
  5 ball pythons
  7 endoplasms
  A giant cockroach (D:1)
  12 goblins
  8 hobgoblins
  2 quokkas (D:1)
  6 bats
  7 frilled lizards
  7 kobolds
  8 rats
129 creatures vanquished.

Vanquished Creatures (others)
  6 plants (D:3)
6 creatures vanquished.

Grand Total: 135 creatures vanquished

Notes
Turn   | Place    | Note
-------+----------+-------------------------------------------
     0 | D:1      | Holzbalken the Demonspawn Gladiator began the quest for the
                  | Orb.
     0 | D:1      | Reached XP level 1. HP: 16/16 MP: 1/1
    85 | D:1      | Reached skill level 3 in Axes
    88 | D:1      | Gained mutation: You regenerate magic rapidly. [demonic
                  | ancestry]
    88 | D:1      | Reached XP level 2. HP: 17/22 MP: 2/2
   441 | D:1      | Gained mutation: Your demonic aura sometimes causes spilled
                  | blood to erupt in flames. [demonic ancestry]
   441 | D:1      | Reached XP level 3. HP: 23/27 MP: 3/3
   643 | D:1      | Reached skill level 4 in Axes
   933 | D:2      | Found a sparkling altar of Nemelex Xobeh.
  1193 | D:2      | Noticed Natasha
  1201 | D:2      | Killed Natasha
  1202 | D:2      | Reached XP level 4. HP: 29/33 MP: 4/4
  1243 | D:2      | Noticed Natasha
  1255 | D:2      | Killed Natasha
  1256 | D:2      | Reached skill level 5 in Axes
  1436 | D:2      | Reached XP level 5. HP: 36/38 MP: 5/5
  1738 | D:2      | Noticed Natasha
  1748 | D:2      | Killed Natasha
  1993 | D:3      | Found a shimmering altar of Xom.
  1993 | D:3      | Found a shimmering altar of Xom.
  2340 | D:3      | Found an ancient bone altar of Kikubaaqudgha.
  2346 | D:3      | Reached skill level 6 in Axes
  3027 | D:4      | Gained mutation: You are partially covered in slimy green
                  | scales. (AC +2) [demonic ancestry]
  3027 | D:4      | Reached XP level 6. HP: 44/44 MP: 6/6
  3484 | D:5      | Entered Level 5 of the Dungeon
  3484 | D:5      | Found Kuus's General Store.
  3494 | D:5      | Reached skill level 1 in Shields
  3500 | D:5      | Bought 2 potions of heal wounds for 130 gold pieces
  3500 | D:5      | Bought 2 potions of curing for 78 gold pieces
  3721 | D:5      | Found Jijing's Antique Armour Shoppe.
  3726 | D:5      | Found Imab's General Store.
  3793 | D:5      | Reached skill level 7 in Axes
  3793 | D:5      | Reached XP level 7. HP: 50/50 MP: 7/7
  3827 | D:5      | Found a staircase to the Ecumenical Temple.
  3836 | Temple   | Entered the Ecumenical Temple
  3842 | Temple   | Became a worshipper of Qazlal Stormbringer
  4283 | D:5      | Reached skill level 1 in Invocations
  4303 | D:5      | Reached skill level 8 in Axes
  4537 | D:5      | Identified the +0 leather armour of the Armadillo {rC++}
  5086 | D:6      | Gained mutation: You are mostly covered in slimy green
                  | scales. (AC +3) [demonic ancestry]
  5086 | D:6      | Reached XP level 8. HP: 56/56 MP: 10/10
  6527 | D:7      | Noticed Sigmund
  6548 | D:7      | Killed Sigmund
  6549 | D:7      | Reached skill level 9 in Axes
  6903 | D:7      | Found a transporter.
  6903 | D:7      | Noticed a queen bee
  6907 | D:7      | Found a transporter.
  6908 | D:7      | Noticed a hornet
  6934 | D:7      | Noticed Skiberibeda's ghost (novice GrEE)
  6943 | D:7      | Noticed a gargoyle
  6963 | D:7      | HP: 1/56 [gargoyle (9)]
  6966 | D:7      | Killed from afar by a gargoyle

Illustrated notes

Levels and vault maps discovered:
D:1:      psy_arrival_fountain, layout_basic, minmay_heptomino_w4
D:2:      layout_loops_corners, basic_altar, minivault_24, uniq_natasha
D:3:      layout_loops_ring, xom_redecorated, mainiacjoe_overflow_cross_hatched,
          small_statue_intersection
D:4:      layout_loops_corners
D:5:      layout_loops_ring, minmay_temple_entry_fiery, serial_shops, shop,
          nicolae_stop_n_shop_1, nicolae_diamond_shop, nrook_pool_corridor,
          minmay_manual_mares
D:6:      layout_layer_cave, bh_walls_and_bars
D:7:      layout_rooms, nicolae_dithmenos_the_darkroom, gammafunk_ghost_hive,
          nrook_mini_vaults, sigmund_army
Temple:   nicolae_temple_x_marks_the_god

Skill      XL: |  1  2  3  4  5  6  7  8 |
---------------+-------------------------+-----
Axes           | 3 4 5 6 7 8 9 |  9.2
Shields        | 1 3 4 |  4.4
Invocations    | 2 4 |  4.9
Fighting       | |  2.0
Throwing       | |  1.7
Dodging        | |  2.6

Action                   |  1- 3 |  4- 6 |  7- 9 || total
-------------------------+-------+-------+-------++-------
Melee: War axe           |    53 |       |       ||    53
       Whip              |    24 |   110 |   137 ||   271
  Use: Scroll            |       |     3 |     5 ||     8
       Potion            |       |       |     2 ||     2
Armor: Leather armour    |     4 |       |       ||     4
       Chain mail        |    33 |    27 |       ||    60
       Ring mail         |       |    17 |    61 ||    78
       Scale mail        |       |       |    24 ||    24
Dodge: Dodged            |    29 |    37 |    97 ||   163
